Map: Thunderbird LE

Players

Mez

  • Race: Terran Terran
  • League: Master
  • Spawn Location: 5:00

IIIIIIIIIIII - Winner!

  • Race: Zerg Zerg
  • League: Master
  • Spawn Location: 11:00

VOD

Have the link to the VOD?

Description

Time

  • Played on: Aug. 31, 2019, 3:52 p.m.
  • Length: 28:19
Show
View Real Time Build Order
Export as new Build Order

Mez Terran 

Build Orders: Liberator Opening, Reaper Expand 

Get SALT Encoding   

  12  0:00  SCV  
  13  0:12  SCV  
  14  0:17  Supply Depot  
  14  0:24  SCV  
  15  0:38  SCV  
  15  0:40  Barracks  
  16  0:44  Refinery  
  16  0:51  SCV  
  17  1:03  SCV  
  18  1:15  SCV  
  19  1:28  Orbital Command, Reaper  
  20  1:43  Command Center  
  20  1:51  Supply Depot  
  20  1:54  SCV  
  20  2:00  Marine  
  21  2:16  Factory  
  21  2:20  Refinery  
  21  2:23  Barracks Reactor  
  21  2:24  SCV  
  22  2:45  SCV  
  23  3:00  Orbital Command  
  23  3:05  Starport  
  23  3:11  Hellion x2  
  27  3:13  SCV, Barracks Tech Lab  
  28  3:25  SCV  
  29  3:31  Liberator  
  29  3:34  Hellion x2  
  33  3:35  SCV  
  33  3:37  SCV  
  35  3:52  SCV x2  
  35  3:55  Hellion x2  
  44  3:59  Marine  
  44  4:01  Stimpack  
  44  4:02  Supply Depot x2  
  45  4:14  SCV  
  46  4:23  SCV  
  47  4:31  Factory Reactor  
  47  4:33  Supply Depot  
  47  4:37  Command Center  
  47  4:42  Starport Reactor  
  47  4:45  SCV x2  
  49  4:46  Barracks  
  49  4:49  Marine, Barracks  
  50  4:57  SCV x2  
  42  5:22  Marine  
  42  5:25  Medivac x2  
  42  5:28  Supply Depot  
  44  5:31  Factory Reactor, Engineering Bay  
  44  5:33  Engineering Bay  
  44  5:37  Marine  
  44  5:38  Marine  
  44  5:40  Marine  
  47  5:43  SCV x2, Barracks  
  47  5:44  Barracks  
  47  5:48  Marine  
  47  5:49  Marine  
  48  5:54  Supply Depot  
  48  5:55  Marine, SCV  
  48  5:56  SCV  
  51  6:06  Marine x3  
  54  6:11  Widow Mine  
  54  6:12  SCV x2, Widow Mine  
  54  6:13  Orbital Command  
  60  6:18  Terran Infantry Weapons Level 1  
  60  6:20  Terran Infantry Armor Level 1  
  60  6:23  Marine  
  60  6:24  Marine x2  
  63  6:29  Marine x2, Supply Depot  
  63  6:32  Barracks Reactor x2  
  65  6:34  SCV x2  
  68  6:40  SCV  
  68  6:41  Marine x2  
  70  6:50  Marine x3  
  70  6:51  SCV x2  
  70  6:52  SCV  
  76  7:04  Marine x2  
  76  7:06  Widow Mine x2  
  76  7:07  SCV  
  76  7:08  Marine x3, SCV  
  84  7:11  Factory  
  85  7:20  Marine x3  
  85  7:22  Marine  
  88  7:23  SCV x3, Armory  
  88  7:27  Refinery, Widow Mine  
  88  7:28  Medivac, Refinery  
  95  7:35  Marine x3, SCV  
  99  7:37  Medivac, Supply Depot  
  101  7:52  Marine x6  
  101  7:54  Widow Mine  
  109  7:58  SCV x3  
  109  7:59  Widow Mine  
  109  8:00  Supply Depot  
  109  8:04  Supply Depot  
  114  8:06  Marine x3  
  114  8:08  Factory Tech Lab  
  117  8:17  Terran Infantry Weapons Level 2  
  117  8:21  Marine x4, SCV  
  117  8:26  SCV x2  
  124  8:27  Terran Infantry Armor Level 2  
  124  8:33  SCV  
  124  8:38  Marine x5, SCV  
  130  8:46  Marine x3  
  133  8:48  Marine  
  102  8:56  Marine x5, Siege Tank, Widow Mine x2  
  102  8:57  Drilling Claws  
  114  9:04  Marine x3  
  114  9:06  Marine  
  112  9:13  Marine  
  112  9:14  Marine x4, SCV  
  112  9:15  SCV x2  
  111  9:18  Widow Mine  
  111  9:22  Marine x2  
  111  9:23  Command Center  
  108  9:24  Marine x2  
  108  9:26  SCV  
  108  9:28  Siege Tank  
  108  9:29  Widow Mine  
  108  9:30  Medivac  
  118  9:31  Marine  
  118  9:32  Marine, Medivac  
  118  9:37  Refinery  
  122  9:39  Widow Mine  
  122  9:44  Marine x7  
  112  9:54  Marine x2  
  99  10:00  Medivac  
  99  10:02  Marine x3, Medivac  
  106  10:14  Marine x6  
  106  10:20  Marine x2  
  114  10:21  Barracks  
  114  10:22  Barracks  
  114  10:23  Barracks  
  114  10:25  Supply Depot  
  114  10:27  Supply Depot  
  114  10:28  Supply Depot  
  114  10:38  Siege Tank, Widow Mine  
  114  10:39  Marine, Widow Mine  
  118  11:02  Marine  
  118  11:03  Marine x8  
  125  11:05  Medivac x2, Widow Mine x2  
  125  11:06  SCV x3  
  125  11:07  Planetary Fortress  
  132  11:17  Siege Tank  
  135  11:20  Supply Depot  
  135  11:32  Marine x5  
  140  11:35  Medivac x2  
  140  11:37  Widow Mine x2  
  140  11:38  Marine x4  
  152  11:43  Barracks Tech Lab x3  
  152  11:46  Fusion Core, Starport  
  152  11:48  Starport  
  152  11:49  Marine  
  152  11:50  Refinery x3  
  152  11:52  Supply Depot x2  
  150  12:06  Marine x9  
  150  12:07  Marauder x2  
  150  12:08  Siege Tank  
  166  12:09  Widow Mine x2  
  166  12:10  Medivac  
  170  12:24  Marauder  
  170  12:25  Marauder  
  170  12:28  Marauder  
  168  12:38  Marine x6  
  168  12:39  Marine x3  
  168  12:40  Liberator x2  
  177  12:45  Marine  
  175  12:55  Marauder x2  
  175  12:56  Siege Tank  
  175  12:57  Marauder, Widow Mine x2  
  194  12:58  Starport Reactor  
  194  12:59  Starport Tech Lab  
  194  13:03  SCV x2  
  195  13:42  Marine  
  196  14:07  Marine  
  196  14:12  Marine  
  196  14:27  Marine  
  196  14:36  Command Center  
  196  14:37  Command Center  
  196  14:47  Marauder  
  196  14:50  Marine  
  196  14:53  Marauder  
  196  14:54  Marine  
  196  14:55  Marine  
  196  14:56  Marine  
  196  14:57  Marine x2  
  196  14:58  Marine  
  196  14:59  Marine, Viking  
  195  15:08  Marine, Marauder, Viking  
  195  15:09  Marauder  
  195  15:11  Marauder  
  195  15:12  Marine  
  195  15:13  Marine, Medivac  
  195  15:14  Widow Mine  
  195  15:16  Marine  
  195  15:18  Widow Mine  
  196  15:23  Siege Tank, Marauder, Viking x2  
  186  15:29  Viking  
  186  15:30  Marauder x2  
  186  15:32  Marauder  
  186  15:33  Marine x2  
  179  15:38  Marine x6, Viking  
  162  15:43  Medivac  
  162  15:44  Marauder  
  162  15:48  Orbital Command  
  161  15:50  Marine  
  161  15:51  Marine x2, Marauder  
  161  15:52  Command Center  
  161  15:53  Medivac x2  
  170  16:10  Sensor Tower  
  170  16:11  Marine x9, Marauder x2  
  175  16:12  Marine, Command Center, Sensor Tower  
  175  16:14  Ghost Academy, Terran Infantry Armor Level 3, Terran Infantry Weapons Level 3  
  175  16:15  Terran Ship Weapons Level 1  
  175  16:17  Viking x2  
  175  16:18  Viking  
  190  16:26  Planetary Fortress  
  190  16:28  Marine  
  190  16:29  Marine x3  
  188  16:44  Marine  
  188  16:45  Marine x3  
  190  16:47  Liberator x2  
  190  16:48  Ghost x4  
  194  17:05  Refinery  
  194  17:06  Refinery  
  187  17:28  Marine x10  
  187  17:29  Marine x2  
  146  17:46  Marine x12  
  158  17:53  Viking x2  
  162  18:02  Sensor Tower  
  162  18:04  Marine  
  163  18:08  Marine x9  
  172  18:18  Planetary Fortress  
  172  18:29  Missile Turret  
  150  18:53  Liberator x5  
  147  18:56  Widow Mine  
  147  18:57  Widow Mine x2  
  147  19:06  Marine  
  133  19:11  Marine x2  
  133  19:14  Marine x4  
  133  19:15  Marine x2, Marauder x3  
  157  19:23  Widow Mine x3  
  163  19:47  Ghost x3  
  163  19:48  Marine x6, Ghost  
  163  19:49  Marine x2  
  182  20:00  Command Center  
  182  20:06  Marine x4  
  191  20:18  Siege Tank  
  191  20:19  Widow Mine x2  
  198  20:27  Advanced Ballistics  
  196  20:34  Viking x4  
  189  20:50  Siege Tank  
  183  21:03  Viking  
  183  21:04  Viking  
  172  21:29  Viking x3  
  176  21:33  Viking  
  176  21:34  Viking  
  164  21:52  Marine x12  
  150  21:55  Siege Tank, Widow Mine  
  150  21:56  Widow Mine  
  149  22:10  Marine x3  
  149  22:13  Ghost x4  
  149  22:14  Marine x5  
  160  22:21  Refinery  
  160  22:27  Marine, Siege Tank  
  160  22:28  Marine x2  
  166  22:32  Marine x3  
  169  22:41  Liberator x2  
  169  22:42  Liberator x3  
  169  22:56  Ghost, Marauder  
  169  22:57  Marine  
  178  23:24  Liberator  
  178  23:25  Enhanced Shockwaves  
  178  23:27  Terran Ship Weapons Level 2  
  178  23:38  Ghost x3  
  178  23:39  Ghost  
  189  23:41  Medivac  
  189  23:42  Medivac  
  166  24:06  Medivac x2  
  170  24:11  Medivac  
  170  24:12  Medivac  
  170  24:22  Marauder  
  170  24:23  Marine, Marauder x3  
  175  25:21  Personal Cloaking  
  175  25:25  Ghost  
  175  25:26  Ghost x3  
  169  25:46  Viking x3  
  171  26:07  Marine x6  
  171  26:08  Marine x3  
  180  26:34  Ghost x3  
  186  26:47  Nuke  
  137  27:10  Marine x8  
  137  27:11  Marine x2  
Show
View Real Time Build Order
Export as new Build Order

IIIIIIIIIIII Zerg - Winner!

Build Orders: Pool First 

Get SALT Encoding   

  12  0:00  Drone  
  13  0:14  Overlord  
  13  0:16  Drone  
  14  0:33  Drone x2  
  16  0:37  Drone  
  17  0:45  Spawning Pool  
  17  0:48  Drone  
  17  0:59  Drone  
  18  1:13  Hatchery  
  18  1:18  Overlord  
  17  1:34  Zergling x4  
  19  1:40  Queen  
  19  1:41  Zergling x2  
  23  1:54  Drone  
  23  2:00  Hatchery  
  22  2:03  Drone  
  23  2:14  Drone  
  24  2:16  Extractor  
  24  2:20  Queen  
  25  2:25  Drone x2  
  27  2:34  Drone  
  27  2:36  Drone  
  28  2:46  Drone  
  28  2:47  Drone  
  29  2:51  Drone x3  
  29  2:55  Queen  
  34  2:59  Drone  
  34  3:02  Drone  
  35  3:08  Drone  
  35  3:12  Queen  
  38  3:17  Drone x2  
  41  3:20  Drone  
  41  3:22  Drone  
  41  3:26  Overlord  
  42  3:30  Overlord  
  42  3:35  Metabolic Boost  
  42  3:45  Drone  
  42  3:46  Drone x5  
  47  3:50  Spore Crawler  
  47  3:53  Drone  
  47  3:57  Drone x2  
  47  4:01  Drone x2  
  51  4:07  Drone  
  51  4:09  Drone  
  53  4:12  Hatchery  
  53  4:15  Overlord  
  53  4:16  Drone  
  53  4:20  Overlord  
  53  4:23  Drone  
  54  4:26  Extractor x2, Drone x3  
  54  4:29  Overlord  
  55  4:33  Drone x3  
  55  4:34  Drone  
  55  4:38  Drone  
  60  4:41  Spore Crawler  
  60  4:42  Drone x3  
  62  4:47  Zergling x2  
  62  4:49  Zergling x2  
  62  4:51  Zergling x2  
  62  4:52  Queen x2  
  69  4:55  Zergling x2, Extractor  
  69  4:56  Extractor  
  69  4:57  Zergling x4  
  69  4:59  Zergling x4  
  72  5:03  Zergling x2  
  72  5:05  Drone x2  
  73  5:07  Drone x2  
  73  5:10  Drone x2  
  73  5:12  Drone  
  71  5:15  Drone  
  71  5:16  Drone  
  71  5:17  Drone  
  71  5:24  Drone x2  
  71  5:28  Drone x4  
  74  5:38  Drone x2  
  74  5:39  Drone  
  74  5:41  Drone  
  74  5:42  Extractor  
  77  5:46  Drone  
  77  5:47  Drone  
  79  5:50  Drone  
  79  5:52  Overlord  
  80  6:03  Evolution Chamber  
  80  6:04  Overlord x3, Evolution Chamber  
  79  6:05  Lair  
  79  6:08  Drone x2  
  80  6:14  Drone x5  
  80  6:15  Drone x3  
  88  6:20  Baneling Nest  
  88  6:21  Zergling x2  
  88  6:23  Overlord  
  88  6:24  Zergling x2  
  89  6:26  Zergling x4  
  89  6:28  Zergling x4  
  93  6:34  Zerg Ground Armor Level 1, Zerg Melee Weapons Level 1  
  93  6:37  Hatchery  
  92  6:44  Drone x2  
  92  6:46  Drone x3  
  97  6:48  Overlord x2  
  97  6:51  Overlord  
  97  6:53  Overlord  
  97  6:55  Overlord, Spore Crawler  
  96  7:07  Zergling x14  
  96  7:08  Zergling x8  
  107  7:09  Zergling x4  
  107  7:11  Zergling x2  
  108  7:17  Zergling x4  
  108  7:18  Zergling x4  
  108  7:20  Zergling x2  
  115  7:22  Zergling x4  
  115  7:25  Drone  
  115  7:26  Drone  
  115  7:29  Centrifical Hooks, Drone x2  
  119  7:31  Drone x3  
  119  7:36  Hydralisk Den  
  121  7:40  Drone x5  
  121  7:43  Extractor  
  125  7:44  Extractor  
  125  7:45  Zergling x6  
  126  7:55  Overlord  
  126  8:01  Baneling x2  
  126  8:02  Baneling x6  
  126  8:03  Overlord  
  126  8:05  Zergling x2  
  126  8:06  Zergling x6, Hatchery  
  126  8:07  Zergling x4  
  126  8:08  Zergling x2  
  126  8:09  Overlord  
  132  8:12  Overlord  
  132  8:16  Hydralisk  
  132  8:19  Hydralisk x2  
  134  8:20  Hydralisk  
  140  8:28  Hydralisk x4  
  140  8:29  Hydralisk  
  140  8:31  Infestation Pit  
  140  8:33  Hydralisk x5  
  156  8:35  Spore Crawler  
  156  8:36  Spine Crawler, Baneling x5  
  156  8:37  Zergling x2  
  156  8:41  Hydralisk x2  
  155  8:44  Spore Crawler  
  155  8:45  Zergling x2, Spine Crawler  
  155  8:47  Zergling x2  
  152  8:48  Zergling x6  
  152  8:51  Zergling x2  
  130  8:56  Zergling x4  
  130  8:57  Baneling x2  
  130  9:00  Zergling x2  
  132  9:02  Zergling x2  
  132  9:09  Zergling x4  
  133  9:10  Zergling x6  
  133  9:11  Zergling x2  
  133  9:14  Zergling x4  
  137  9:18  Drone x5  
  137  9:23  Zerg Melee Weapons Level 2, Zerg Ground Armor Level 2  
  137  9:24  Hatchery  
  141  9:25  Drone x5  
  141  9:26  Zergling x2  
  147  9:31  Grooved Spines  
  147  9:33  Drone  
  147  9:36  Hive  
  148  9:42  Overlord, Drone x7  
  148  9:45  Spire  
  142  9:47  Zergling x6  
  142  9:51  Baneling x11  
  142  9:52  Zergling x4  
  134  9:56  Zergling x2  
  134  9:58  Zergling x6  
  136  10:01  Hydralisk  
  136  10:02  Hydralisk  
  136  10:03  Hydralisk  
  142  10:13  Extractor, Baneling x2  
  141  10:14  Extractor  
  141  10:15  Hydralisk  
  141  10:16  Hydralisk x5, Spore Crawler  
  141  10:19  Spore Crawler x3  
  141  10:20  Spore Crawler  
  141  10:21  Spore Crawler  
  146  10:24  Hydralisk x3  
  146  10:26  Overlord  
  146  10:28  Hydralisk x2  
  152  10:29  Hydralisk  
  152  10:31  Overlord  
  152  10:34  Hydralisk  
  160  10:40  Hydralisk x2, Baneling x7  
  160  10:42  Zergling x2  
  162  10:44  Overlord  
  162  10:45  Hatchery  
  162  10:46  Hydralisk x2  
  160  10:53  Drone x6  
  160  10:54  Overlord  
  159  11:01  Drone  
  159  11:02  Drone  
  160  11:05  Hydralisk  
  160  11:09  Drone x10  
  172  11:11  Overlord  
  172  11:13  Overlord  
  172  11:16  Hydralisk  
  174  11:19  Pneumatized Carapace  
  174  11:20  Burrow  
  174  11:23  Greater Spire  
  174  11:26  Zergling x4  
  174  11:27  Zergling x8  
  174  11:29  Baneling x6  
  180  11:34  Hydralisk  
  180  11:39  Overlord  
  182  11:45  Hydralisk x4  
  190  11:47  Overlord  
  190  11:49  Zergling x8  
  190  11:51  Zergling x6  
  190  11:53  Overlord  
  197  11:59  Corruptor x2  
  199  12:01  Drone  
  199  12:07  Overlord  
  200  12:28  Overlord, Spore Crawler  
  199  12:30  Zergling x2  
  199  12:33  Zergling x2  
  197  12:37  Overlord  
  197  12:39  Brood Lord  
  197  12:41  Overlord  
  199  12:45  Zerg Melee Weapons Level 3, Zerg Ground Armor Level 3  
  199  12:46  Overlord  
  199  12:47  Hydralisk  
  199  12:48  Hydralisk  
  198  12:53  Corruptor  
  198  12:56  Overlord  
  198  13:03  Drone  
  198  13:05  Overlord  
  199  13:10  Overlord  
  199  13:11  Spore Crawler  
  198  13:15  Overlord  
  198  13:17  Zergling x2  
  198  13:18  Zergling x4  
  197  13:20  Extractor  
  197  13:21  Spine Crawler  
  197  13:22  Extractor  
  197  13:23  Spore Crawler  
  197  13:25  Brood Lord  
  195  13:29  Hydralisk x3  
  200  13:36  Overlord  
  200  13:41  Muscular Augments  
  200  13:50  Zerg Flyer Armor Level 1  
  200  13:57  Overlord, Hatchery  
  200  13:59  Hydralisk, Overlord  
  198  14:03  Zergling x4  
  198  14:04  Zergling x2  
  198  14:07  Baneling x7  
  200  14:12  Overlord  
  200  14:14  Pathogen Glands  
  200  14:17  Overlord  
  200  14:18  Overseer  
  200  14:19  Overseer x4  
  200  14:25  Overlord  
  200  14:27  Overlord  
  200  14:29  Zergling x2  
  200  14:31  Overlord  
  197  14:38  Zergling x2  
  197  14:39  Zergling x2  
  197  14:41  Drone  
  199  14:52  Overlord  
  199  14:55  Hydralisk x2, Spine Crawler x2  
  199  14:56  Hydralisk, Spine Crawler  
  199  14:58  Spine Crawler  
  198  15:01  Overlord  
  198  15:06  Drone x4  
  197  15:07  Drone  
  197  15:09  Spore Crawler, Drone x2  
  197  15:10  Drone x2  
  194  15:15  Swarm Host  
  194  15:16  Drone  
  194  15:19  Zergling x2  
  194  15:21  Zergling x6  
  199  15:22  Zergling x2  
  199  15:23  Zergling x4  
  199  15:25  Zergling x6  
  199  15:27  Zergling x4  
  199  15:28  Zergling x6  
  197  15:29  Zergling x4  
  197  15:30  Zergling x2  
  197  15:33  Hydralisk x2  
  186  15:37  Corruptor  
  176  15:43  Corruptor x5  
  176  15:44  Corruptor  
  176  15:48  Overseer x5  
  186  15:50  Overlord  
  186  15:52  Corruptor x2  
  186  15:53  Corruptor x2  
  194  15:57  Baneling x2  
  194  15:58  Baneling x2  
  194  16:04  Drone x3  
  194  16:11  Overlord, Spore Crawler, Extractor  
  195  16:12  Extractor  
  195  16:15  Infestor  
  195  16:16  Infestor  
  198  16:18  Zerg Missile Weapons Level 1  
  198  16:19  Neural Parasite  
  198  16:26  Spine Crawler  
  198  16:28  Brood Lord, Spine Crawler  
  198  16:29  Spore Crawler, Spine Crawler, Overlord  
  198  16:30  Hydralisk, Spore Crawler  
  198  16:31  Hydralisk  
  199  16:35  Zergling x2  
  199  16:37  Baneling x5  
  199  16:38  Baneling x2  
  199  16:41  Zergling x2  
  199  16:47  Hydralisk  
  198  16:54  Overlord  
  198  16:58  Overlord  
  198  17:05  Drone  
  199  17:10  Overlord  
  199  17:15  Overlord  
  199  17:19  Zergling x2  
  199  17:21  Zergling x6  
  199  17:22  Zergling x6  
  197  17:23  Zergling x2  
  197  17:24  Zergling x6  
  192  17:34  Hydralisk x3  
  192  17:35  Hydralisk x2  
  192  17:36  Hydralisk x5  
  191  17:37  Hydralisk  
  191  17:38  Zergling x2  
  191  17:40  Zergling x6  
  200  18:00  Overlord  
  200  18:05  Hatchery  
  195  18:16  Brood Lord  
  195  18:17  Brood Lord x3  
  195  18:18  Brood Lord  
  195  18:19  Overlord  
  200  18:20  Zergling x2  
  200  18:25  Baneling  
  200  18:26  Baneling x17  
  200  18:32  Hydralisk  
  200  18:33  Zergling x2  
  191  18:34  Zergling x6  
  191  18:35  Zergling x4  
  191  18:36  Zergling x12  
  194  18:41  Zergling x4  
  194  18:42  Zergling x4  
  194  18:46  Hydralisk  
  200  18:48  Zergling x2  
  200  18:53  Zergling x4  
  199  18:55  Zergling x2  
  199  18:57  Zergling x2  
  199  19:00  Zergling x4  
  199  19:02  Zergling x4  
  191  19:03  Zergling x2  
  191  19:04  Zergling x4  
  191  19:05  Zergling x2  
  191  19:06  Zergling x2  
  191  19:09  Queen x3  
  197  19:14  Zergling x2  
  200  19:22  Baneling  
  200  19:23  Baneling x19  
  200  19:24  Baneling x3  
  200  19:27  Overlord  
  200  19:30  Overlord  
  200  19:49  Overlord  
  200  20:03  Hatchery  
  200  20:05  Zergling x4  
  200  20:06  Hydralisk  
  200  20:07  Hydralisk x2  
  192  20:08  Zergling x2  
  192  20:09  Hydralisk x2, Zergling x4  
  192  20:10  Overlord  
  192  20:11  Overseer  
  192  20:12  Overseer  
  200  20:23  Overlord  
  200  20:35  Overlord  
  200  20:42  Baneling x4  
  199  20:55  Spore Crawler  
  199  20:56  Spore Crawler, Infestor  
  195  20:58  Spore Crawler x3, Infestor x5  
  195  20:59  Spore Crawler  
  195  21:00  Infestor  
  195  21:02  Spore Crawler x2  
  195  21:03  Baneling x4  
  195  21:04  Spore Crawler, Infestor x3, Baneling  
  195  21:07  Spore Crawler, Queen x2  
  197  21:13  Overlord  
  197  21:14  Spore Crawler  
  197  21:15  Corruptor x2  
  200  21:22  Hydralisk x2  
  200  21:34  Zergling x2  
  200  21:36  Zergling x2  
  200  21:37  Zergling x4  
  198  21:40  Corruptor x2  
  198  21:44  Zergling x6  
  198  21:46  Zergling x2  
  179  21:47  Zergling x2  
  179  21:48  Zergling x6  
  179  21:50  Zergling x8  
  179  21:52  Infestor  
  179  21:53  Infestor x8  
  176  21:54  Hydralisk  
  176  21:55  Hydralisk  
  176  21:59  Zergling x12  
  176  22:00  Zergling x2  
  176  22:01  Zergling x2  
  174  22:03  Zergling x6  
  174  22:05  Zergling x2  
  174  22:08  Hydralisk x3  
  173  22:13  Baneling x7  
  179  22:19  Extractor  
  179  22:20  Extractor  
  177  22:23  Queen x3  
  177  22:29  Hydralisk  
  178  22:32  Hydralisk  
  178  22:33  Hydralisk x7  
  194  22:45  Drone x3  
  197  22:51  Infestor  
  197  22:54  Zergling x2  
  200  22:58  Unknown  
  200  23:03  Baneling  
  200  23:04  Baneling x12  
  200  23:05  Infestor x2  
  196  23:08  Hydralisk x2  
  196  23:09  Hydralisk  
  192  23:13  Zergling x6  
  192  23:14  Zergling x2  
  192  23:15  Zergling x2  
  192  23:19  Zergling x2  
  196  23:20  Zergling x6  
  199  23:29  Unknown  
  199  23:30  Overseer, Drone  
  199  23:31  Overlord  
  199  23:34  Overlord  
  197  23:41  Spore Crawler  
  196  23:42  Spore Crawler  
  196  23:43  Hydralisk, Spore Crawler  
  196  23:46  Overlord  
  196  23:48  Zergling x2  
  197  23:50  Hydralisk x2  
  197  23:54  Zergling x2  
  197  23:55  Zergling x4  
  196  23:56  Zergling x4  
  189  24:06  Brood Lord x5  
  189  24:07  Zergling x2  
  189  24:09  Overlord  
  200  24:12  Overseer  
  198  24:20  Overlord  
  198  24:21  Hydralisk  
  198  24:23  Overlord  
  200  24:28  Zergling x2  
  200  24:30  Zergling x2  
  200  24:31  Zergling x6  
  200  24:49  Corruptor  
  200  24:51  Overlord  
  200  24:53  Overseer  
  200  24:59  Overlord  
  200  25:02  Baneling  
  200  25:03  Baneling x12  
  200  25:07  Overlord  
  200  25:46  Queen x2  
  200  25:47  Queen  
  185  26:03  Overlord  
  183  26:04  Spine Crawler  
  183  26:05  Spore Crawler, Zergling x2  
  183  26:06  Spore Crawler  
  183  26:07  Spore Crawler, Baneling  
  183  26:08  Spore Crawler, Hatchery  
  183  26:09  Zergling x2  
  183  26:11  Corruptor x4  
  177  26:14  Spine Crawler  
  177  26:15  Brood Lord  
  177  26:16  Brood Lord x4  
  194  26:21  Viper  
  197  26:26  Zergling x2  
  197  26:28  Zergling x2  
  199  26:43  Zergling x2  
  198  26:53  Hydralisk  
  199  26:57  Zergling x2  
  199  26:58  Zergling x2  
  199  27:00  Zergling x4  
  199  27:01  Zergling x4  
  171  27:02  Hydralisk  
  171  27:03  Hydralisk x18  
  171  27:04  Hydralisk  
  171  27:06  Hydralisk  
  171  27:07  Hydralisk  
  199  27:09  Hydralisk x2, Overlord  
  199  27:12  Hydralisk  
  199  27:14  Hydralisk  
  199  27:16  Drone  
  199  27:19  Hydralisk  
  200  27:24  Overlord  
  200  27:33  Zergling x2  
  200  27:34  Zergling x6  
  200  27:35  Zergling x4  
  200  27:36  Zergling x4  
Tags
 
Add a new tag
Caveats
  • Supply blocks, unpowered buildings, or Contaminate may cause inaccurate times.
  • Supply counts are checked every 10 seconds.